 Dungeon Crawl Stone Soup version 0.30.1-4-g462c640d31 (webtiles) character file.

Game seed: 3298421216761897978

3455 Kurtz the Nimble (level 10, 0/57 HPs)
             Began as a Tengu Fighter on Sept 18, 2023.
             Slain by a yak (6 damage)
             ... while petrified by a basilisk
             ... on level 8 of the Dungeon.
             The game lasted 00:08:06 (6378 turns).

Kurtz the Nimble (Tengu Fighter)                    Turns: 6378, Time: 00:08:07

Health: 0/57       AC:  9    Str: 21    XL:     10   Next: 6%
Magic:  11/11      EV:  2    Int:  9    God:
Gold:   353        SH:  0    Dex: 13    Spells: 9/9 levels left

rFire   . . .        E - +4 war axe
rCold   . . .        c - +0 buckler
rNeg    + + +        A - +0 acid dragon scales
rPois   ∞            (helmet restricted)
rElec   .            G - +0 cloak
rCorr   +            (no gloves)
SInv    .            (boots unavailable)
Will    .....        (no amulet)
Stlth   +            (no ring)
HPRegen 0.29/turn    (no ring)
MPRegen 0.12/turn

%: no passive effects
@: petrified, flying quickly and evasively, quick
A: beak, talons 3, nimble flight
a: no special abilities


You were on level 8 of the Dungeon.
You visited 2 branches of the dungeon, and saw 9 of its levels.

You collected 353 gold pieces.

Inventory:

Hand Weapons
 y - a +0 flail of holy wrath
 E - a +4 war axe (weapon)
Missiles
 k - 2 throwing nets (quivered)
 n - 9 poisoned darts
Armour
 b - a +0 scale mail
 c - a +0 buckler (worn)
 m - a +0 plate armour
 A - +0 acid dragon scales (worn)
 G - a +0 cloak (worn)
Jewellery
 r - a ring of willpower
Wands
 t - a wand of paralysis (4)
 z - a wand of flame (39)
Scrolls
 a - 3 scrolls of magic mapping {unknown}
 d - 2 scrolls of enchant weapon {unknown}
 h - 6 scrolls of identify {unknown}
 i - 5 scrolls of teleportation {unknown}
 j - a scroll of poison {unknown}
 p - a scroll of vulnerability {unknown}
 q - a scroll of enchant armour {unknown}
 v - a scroll of acquirement {unknown}
 w - a scroll of fog {unknown}
 F - a scroll of immolation {unknown}
Potions
 e - 2 potions of heal wounds
 f - a potion of brilliance
 g - a potion of curing
 l - 2 potions of resistance {unknown}
 o - a potion of attraction {unknown}
 s - a potion of flight {unknown}
 u - 3 potions of degeneration {unknown}
 x - a potion of invisibility {unknown}
 B - a potion of haste {unknown}
 C - a potion of lignification {unknown}
 D - a potion of might


   Skills:
 - Level 4.3 Fighting
 - Level 9.1 Axes
 + Level 7.8 Armour
 * Level 9.7 Dodging
 - Level 3.0 Shields


You had 9 spell levels left.
You didn't know any spells.
Your spell library contained the following spells:

 Spells                   Type           Power      Damage    Failure   Level
 Cigotuvi's Dreadful Rot  Necr/Pois/Air  0%         N/A       67%         2
 Frozen Ramparts          Ice            0%         1d1       88%         3
 Ignite Poison            Fire/Tmut/Pois 0%         N/A       88%         3
 Summon Guardian Golem    Hex/Summ       0%         N/A       88%         3
 Ice Form                 Ice/Tmut       0%         N/A       99%         4
 Summon Ice Beast         Ice/Summ       0%         N/A       99%         4
 Freezing Cloud           Conj/Ice/Air   0%         6-21      100%        5
 Orb of Destruction       Conj           0%         9d5       100%        7
 Spellforged Servitor     Conj/Summ      0%         N/A       100%        7


Dungeon Overview and Level Annotations

Branches:
Dungeon (8/15)             Temple (1/1) D:6
   Lair: D:8-11

Altars:
Ashenzari
Cheibriados
Dithmenos
Fedhas
Gozag
Hepliaklqana
Kikubaaqudgha
Makhleb
Nemelex Xobeh
Qazlal
Ru
Sif Muna
Uskayaw
Vehumet
Wu Jian
Yredelemnul
Zin
The Shining One

Shops:
D:1 *[   D:5 *

Annotations:
D:5 2 runed translucent doors, Radiant's ghost, amateur DgCj
D:8 2 runed translucent doors


Innate Abilities, Weirdness & Mutations

You have a beak for a mouth.
You have claws for feet.
Your magical nature lets you fly swiftly and evasively.


Message History

You are slowing down.
You miss the basilisk. Your kick misses the basilisk. You peck the basilisk.
The basilisk is almost dead.
The basilisk bites you! The basilisk barely misses you.
A yak comes into view.
Your limbs are stiffening.
The yak bellows!
You hit the basilisk. Your kick misses the basilisk. You peck the basilisk.
The basilisk is almost dead.
The basilisk gazes at you. You resist with some effort.
An orc comes into view. It is wielding a +0 whip.
You have turned to stone.
The orc shouts!
The basilisk bites you!
The wyvern hisses angrily.
The basilisk gazes at you. The orc barely misses you. The basilisk bites you!
The orc hits you with a +0 dagger.
An orc priest comes into view. It is wielding a +0 flail.
The basilisk gazes at you. The orc barely misses you.
The basilisk gazes at you. You resist with some effort.
The orc hits you with a +0 dagger. The basilisk bites you!
The orc hits you with a +0 dagger.
A basilisk comes into view.
The yak gores you.
* * * LOW HITPOINT WARNING * * *
The basilisk hisses angrily.
The basilisk gazes at you. You resist with some effort.
The orc hits you with a +0 dagger.
* * * LOW HITPOINT WARNING * * *
The yak gores you!
* * * LOW HITPOINT WARNING * * *
The basilisk bites you!
* * * LOW HITPOINT WARNING * * *
The orc hits you with a +0 dagger.
* * * LOW HITPOINT WARNING * * *
The yak gores you!
You die...

.#####................#
.....############.....+
.....# #.....# .....+
#.....# .....#
##########.....##
.#.....................#
.#.....................#
.#...............Y.....#
.#.......§......@ll....#
.####..≈≈≈..#####oo....#
..#...§≈≈≈≈.# #.o....#
..'...≈≈§≈≈.# #........
..#...≈≈.§≈.# #.........
..#>.§§§§≈§.# #....l...l
+####§≈§.≈§.. #.........
.....§§...§.. ....##.
....).≈.8.≈..


You could see a yak, 2 basilisks, a wyvern, an orc priest and 2 orcs.

Vanquished Creatures
  Maggie (D:6)
  Grinder (D:4)
  6 yaks
  Edmund (D:6)
  A water moccasin (D:5)
  Duvessa (D:7)
  A sky beast (D:7)
  2 ice beasts (D:5)
  2 black bears
  An ogre (D:5)
  A centaur (D:6)
  2 scorpions
  Blork the orc (D:4)
  5 wights (D:6)
  Dowan (D:7)
  A howler monkey (D:6)
  Crazy Yiuf (D:7)
  An orc priest (D:7)
  3 hounds
  A gnoll bouda (D:7)
  2 jellies
  2 iguanas
  4 orc wizards
  8 gnolls
  4 adders
  A shadow imp (D:5)
  2 white imps
  An ufetubus (D:7)
  2 worms
  A dart slug (D:4)
  15 orcs
  15 ball pythons
  4 bats
  3 endoplasms (D:4)
  7 giant cockroaches
  10 goblins
  3 hobgoblins
  4 jackals (D:3)
  6 quokkas
  2 frilled lizards (D:1)
  8 kobolds
  2 rats (D:2)
140 creatures vanquished.

Vanquished Creatures (others)
  An adder (D:6)
1 creature vanquished.

Grand Total: 141 creatures vanquished

Notes
Turn   | Place    | Note
-------+----------+-------------------------------------------
     0 | D:1      | Kurtz the Tengu Fighter began the quest for the Orb.
     0 | D:1      | Reached XP level 1. HP: 14/14 MP: 2/2
   168 | D:1      | You fall into a shaft and drop 1 floor!
   180 | D:2      | Reached XP level 2. HP: 19/19 MP: 3/3
   572 | D:2      | Reached XP level 3. HP: 21/23 MP: 4/4
  1299 | D:3      | Reached XP level 4. HP: 28/28 MP: 5/5
  1537 | D:4      | Reached skill level 5 in Axes
  1604 | D:4      | Noticed Blork the orc
  1609 | D:4      | Killed Blork the orc
  1610 | D:4      | Gained mutation: Your magical nature lets you fly swiftly
                  | and evasively. [Tengu growth]
  1610 | D:4      | Reached XP level 5. HP: 20/32 MP: 6/6
  1731 | D:4      | Noticed Grinder
  1737 | D:4      | Paralysed by Grinder for 2 turns
  1745 | D:4      | Paralysed by Grinder for 2 turns
  1925 | D:1      | Found Ustenex's Armour Boutique.
  2099 | D:1      | Found Zaxol's General Store.
  2429 | D:4      | Paralysed by Grinder for 5 turns
  2617 | D:4      | Found a blossoming altar of Fedhas.
  2632 | D:4      | Killed Grinder
  2633 | D:4      | Reached XP level 6. HP: 4/37 MP: 7/7
  2771 | D:4      | Found a shimmering blue altar of Sif Muna.
  2824 | D:5      | Entered Level 5 of the Dungeon
  2854 | D:5      | Noticed an ice beast
  2937 | D:5      | Reached XP level 7. HP: 34/42 MP: 8/8
  2975 | D:5      | Found a large runed translucent door.
  2975 | D:5      | Found a large runed translucent door.
  2980 | D:5      | Noticed Radiant's ghost (amateur DgCj)
  3295 | D:5      | Found Peatsa Coy's General Store.
  3436 | D:5      | Reached XP level 8. HP: 33/48 MP: 9/9
  3505 | D:5      | Reached skill level 1 in Dodging
  3790 | D:6      | Noticed Edmund
  3803 | D:6      | Killed Edmund
  3908 | D:6      | Noticed Maggie
  3919 | D:6      | Killed Maggie
  3920 | D:6      | Reached skill level 5 in Armour
  3920 | D:6      | Reached skill level 5 in Dodging
  3968 | D:6      | Found a staircase to the Ecumenical Temple.
  3983 | Temple   | Entered the Ecumenical Temple
  4111 | D:6      | Reached XP level 9. HP: 29/52 MP: 10/10
  5288 | D:7      | Found a stormy altar of Qazlal.
  5312 | D:7      | Found a runed translucent door.
  5313 | D:7      | Noticed Crazy Yiuf
  5477 | D:7      | Found an ancient bone altar of Kikubaaqudgha.
  5479 | D:7      | Noticed Duvessa
  5479 | D:7      | Noticed Dowan
  5484 | D:7      | Killed Duvessa
  5487 | D:7      | Killed Dowan
  5822 | D:7      | Killed Crazy Yiuf
  5858 | D:8      | Found a sparkling altar of Nemelex Xobeh.
  6113 | D:8      | Reached XP level 10. HP: 31/57 MP: 11/11
  6281 | D:8      | Found a large runed translucent door.
  6282 | D:8      | Found a large runed translucent door.
  6378 | D:8      | Slain by a yak

Illustrated notes

Levels and vault maps discovered:
D:1:      zelgadis_glass_arrival_large, layout_basic, serial_shops,
          nicolae_shop_crystal, nicolae_square_shop, interstate_on_off,
          moated_statue, nicolae_titane
D:2:      layout_rooms
D:3:      layout_loops_ring
D:4:      layout_basic, mainiacjoe_overflow_big_doors, uniq_blork_the_orc,
          uniq_grinder
D:5:      layout_basic, ebering_ghost_disaster_area, serial_shops,
          nicolae_shop_statue_plus
D:6:      layout_loops_ring, minmay_temple_entry_tees, lemuel_flamethrower_2,
          uniq_maggie, uniq_edmund
D:7:      layout_gridville, kennysheep_mini, mainiacjoe_overflow_alcove_1,
          uniq_crazy_yiuf_cottage, uniq_duvessa
D:8:      layout_gridville, mainiacjoe_overflow_catwalk, jmf_multi_god_temple2,
          david_lair_generic
Temple:   cyrus_circular_temple

Skill      XL: |  1  2  3  4  5  6  7  8  9 |
---------------+----------------------------+-----
Axes           | 3 4 5 7 9 |  9.1
Fighting       | 4 |  4.3
Dodging        | 6 9 |  9.7
Armour         | 5 7 |  7.8
Shields        | |  3.0

Action                     |  1- 3 |  4- 6 |  7- 9 | 10-12 || total
---------------------------+-------+-------+-------+-------++-------
  Melee: War axe           |    65 |    93 |   204 |    21 ||   383
         Peck              |     8 |    11 |    45 |     7 ||    71
         Kick              |     4 |    22 |    60 |     5 ||    91
  Evoke: Wand              |       |     1 |     5 |       ||     6
    Use: Potion            |       |     1 |     3 |       ||     4
   Stab: Paralysed         |       |     3 |    13 |       ||    16
 Armour: Scale mail        |    26 |       |       |       ||    26
         Plate armour      |    20 |    44 |    31 |       ||    95
         Acid dragon scale |       |       |    33 |     2 ||    35
  Dodge: Dodged            |    19 |    19 |   112 |    15 ||   165
  Block: Buckler           |    11 |    15 |    38 |     9 ||    73
